Capitals vs Wild

Created - 6 mars 2018 at 21:44

Goals
1 2 3 T
Capitals 0 1 3 4
Wild 0 0 0 0
Shots
1 2 3 T
Capitals 8 6 11 25
Wild 8 6 7 21

1st period

No Goal

Penalties :
Viktor Stalberg (WSH) for Holding (Minor) at 7:52, Luke Schenn (MIN) for Tripping (Minor) at 10:52

2nd period

1. Capitals , Alexander Ovechkin 32 (Ryan McDonagh 40) at 8:30

Penalties :
Tanner Pearson (MIN) for Slashing (Minor) at 2:01, Ryan Callahan (MIN) for Goalie Interference (Minor) at 5:29

3rd period

2. Capitals , Jack Johnson 7 (Ryan McDonagh 41, Ryan Kesler 51) at 0:36
3. Capitals , Lukas Sedlak 9 (Morgan Rielly 10, David Desharnais 15) at 9:15
4. Capitals , Ryan McDonagh 12 (Mike Blunden 1) at 18:01

Penalties :
Mike Green (WSH) for Roughing (Minor) at 5:36, Calvin de Haan (WSH) for Hooking (Minor) at 18:33

Goalie Stats

Cam Ward (WSH), 21 saves from 21 shots - (1.000), W, 36-22-6, 60:00 minutes
James Reimer (MIN), 21 saves from 25 shots - (0.840), L, 31-35-6, 60:00 minutes

Players Stats for Capitals

Player Name              G  A  P  +/- PIM S  H  SB GA TA FO     MP     PP MP  PK MP  
------------------------------------------------------------------------------------
Alexander Ovechkin       1  0  1   2  0   4  3  0  0  0  0/0    21:18   3:38   1:30 
Andrew Desjardins        0  0  0   1  0   0  0  0  0  0  5/12    9:14   0:00   0:37 
Calvin de Haan           0  0  0   0  2   0  2  1  0  0  0/0    20:24   3:33   2:01 
Cody Eakin               0  0  0   0  0   0  1  0  0  0  1/2    16:08   2:19   2:51 
David Desharnais         0  1  1   1  0   1  1  0  0  0  2/3    18:11   2:19   2:58 
Derek Dorsett            0  0  0   1  0   0  3  0  0  0  0/0     8:37   0:00   0:00 
Dmitri Orlov             0  0  0   1  0   1  2  0  0  0  0/0    13:29   0:00   0:59 
Jack Johnson             1  0  1   3  0   2  3  1  0  0  0/0    22:45   2:24   3:04 
Lukas Sedlak             1  0  1   1  0   1  0  0  0  0  0/1    12:54   0:00   0:00 
Mathieu Perreault        0  0  0   0  0   1  0  0  0  0  5/10   10:58   0:00   0:00 
Mike Blunden             0  1  1   1  0   0  0  0  0  0  0/0     8:37   0:00   0:00 
Mike Green               0  0  0   0  2   0  2  0  0  0  0/0    20:15   3:33   1:52 
Morgan Rielly            0  1  1   1  0   1  0  0  0  0  0/0    16:34   0:00   0:03 
Ryan Kesler              0  1  1   2  0   3  0  0  0  0  19/23  19:48   3:38   0:00 
Ryan McDonagh            1  2  3   3  0   5  1  2  0  0  0/0    26:31   2:24   2:49 
Sergey Kalinin           0  0  0   1  0   2  1  0  0  0  7/11   12:54   0:00   0:00 
Taylor Hall              0  0  0   2  0   2  0  0  0  0  3/6    22:40   3:38   2:52 
Viktor Stalberg          0  0  0   0  2   2  4  0  0  0  0/4    13:16   2:19   0:00 

Players Stats for Wild

Player Name              G  A  P  +/- PIM S  H  SB GA TA FO     MP     PP MP  PK MP  
------------------------------------------------------------------------------------
Alex Biega               0  0  0   0  0   0  0  1  0  0  0/0    11:51   0:00   0:00 
Alexander Edler          0  0  0  -3  0   3  0  2  0  0  0/2    23:01   3:05   3:24 
Andreas Athanasiou       0  0  0  -2  0   0  1  0  0  0  12/25  19:50   1:39   1:56 
Brett Ritchie            0  0  0   0  0   2  2  0  0  0  1/1    10:33   0:00   0:00 
Derick Brassard          0  0  0  -1  0   1  1  0  0  0  7/17   25:31   2:52   3:00 
Jason Pominville         0  0  0  -4  0   2  0  0  0  0  2/5    20:37   2:32   1:30 
Jason Spezza             0  0  0   0  0   0  0  0  0  0  1/2     0:07   0:00   0:00 
Johnny Oduya             0  0  0   0  0   1  2  0  0  0  1/1    20:12   2:19   2:41 
Josh Gorges              0  0  0   0  0   0  2  0  0  0  0/0    19:27   2:19   2:41 
Luke Schenn              0  0  0  -4  2   0  2  1  0  0  0/0    18:14   3:05   2:07 
Marco Scandella          0  0  0  -1  0   0  0  0  0  0  0/0    13:12   0:00   0:00 
Marian Gaborik           0  0  0   0  0   0  2  1  0  0  3/8    17:12   0:00   2:49 
Nicklas Grossmann        0  0  0   0  0   0  0  1  0  0  0/0    13:43   0:00   0:59 
Richard Panik            0  0  0   0  0   4  2  0  0  0  0/0    17:41   2:52   1:31 
Ryan Callahan            0  0  0  -1  2   2  0  0  0  0  1/3    16:37   2:52   0:00 
Sven Baertschi           0  0  0   0  0   0  0  0  0  0  1/7    16:47   0:53   0:00 
Tanner Pearson           0  0  0  -4  2   6  2  1  0  0  1/1    20:19   2:32   1:00 
Yannick Weber            0  0  0   0  0   0  0  0  0  0  0/0     9:06   0:00   0:10 

3 Stars

1 - Ryan McDonagh (WSH)
2 - Cam Ward (WSH)
3 - Jack Johnson (WSH)

Power Play

Capitals - 0 on 3 Attempt(s) - 0.00%
Wild - 0 on 3 Attempt(s) - 0.00%

Penalty Kill

Capitals - 3 on 3 Attempt(s) - 100.00% - Score 0 goal in Penalty Kill
Wild - 3 on 3 Attempt(s) - 100.00% - Score 0 goal in Penalty Kill

Team Stat

Capitals - Hits : 23 - Faceoff Wins : 42 - Blocked Shots : 4 - Penalty Minutes : 6
Wild - Hits : 16 - Faceoff Wins : 30 - Blocked Shots : 7 - Penalty Minutes : 6

Official

Referees : Ghislain Hebert and Chris Lee
Linesman : Bryan Pancich and Devin Berg

Game Notes

Jason Spezza is injured at 1:42 of 1st period (Bruised Right Leg)

Finance

Level 1 -- Attendance: 6380 (98.15%) -- Ticket Income 701 800 $
Level 2 -- Attendance: 5000 (100.00%) -- Ticket Income 375 000 $
Level 3 -- Attendance: 3195 (91.29%) -- Ticket Income 178 920 $
Level 4 -- Attendance: 1954 (100.00%) -- Ticket Income 78 160 $
Luxury Box -- Attendance: 893 (89.30%) -- Ticket Income 177 707 $
Game was played at the Xcel Energy Center.
Total Attendance: 17422 (97.04%)
Total Ticket Income: 1 511 587 $
Other Income: 226 738 $
Total Income: 1 738 325 $

% Time on Ice - Capitals

Lines # - Real PCT - Wanted PCT - Time Play
Normal Forward
1 - 33% - 40% - 16:10
2 - 27% - 30% - 12:54
3 - 23% - 20% - 10:58
4 - 18% - 10% - 8:37
Normal Defense
1 - 36% - 40% - 17:17
2 - 31% - 30% - 14:51
3 - 26% - 20% - 12:30
4 - 8% - 10% - 4:01
PP Forward
1 - 61% - 60% - 3:38
2 - 39% - 40% - 2:19
PP Defense
1 - 40% - 60% - 2:24
2 - 60% - 40% - 3:33
PK Forward
1 - 85% - 60% - 4:34
2 - 15% - 40% - 0:50
PK Defense
1 - 42% - 60% - 2:16
2 - 58% - 40% - 3:08
PK3 Forward
1 - 0% - 60%
2 - 0% - 40%
PK3 Defense
1 - 0% - 60%
2 - 0% - 40%
44 Forward
1 - 0% - 60%
2 - 0% - 40%
44 Defense
1 - 0% - 60%
2 - 0% - 40%
Last Minute Offensive  - 0:00
Last Minute Defensive  - 0:00
Total
Forward - 60:00
Defense - 60:00

% Time on Ice - Wild

Lines # - Real PCT - Wanted PCT - Time Play
Normal Forward
1 - 36% - 40% - 17:25
2 - 26% - 30% - 12:34
3 - 15% - 20% - 7:30
4 - 23% - 10% - 11:10
Normal Defense
1 - 27% - 40% - 13:06
2 - 30% - 30% - 14:27
3 - 26% - 20% - 12:44
4 - 17% - 10% - 8:22
PP Forward
1 - 47% - 60% - 2:32
2 - 53% - 40% - 2:52
PP Defense
1 - 57% - 60% - 3:05
2 - 43% - 40% - 2:19
PK Forward
1 - 75% - 60% - 4:27
2 - 25% - 40% - 1:30
PK Defense
1 - 55% - 60% - 3:16
2 - 45% - 40% - 2:41
PK3 Forward
1 - 0% - 60%
2 - 0% - 40%
PK3 Defense
1 - 0% - 60%
2 - 0% - 40%
44 Forward
1 - 0% - 60%
2 - 0% - 40%
44 Defense
1 - 0% - 60%
2 - 0% - 40%
Last Minute Offensive  - 0:00
Last Minute Defensive  - 0:00
Total
Forward - 60:00
Defense - 60:00

Play by Play

1st period


0:01 of 1st period - Ryan Kesler wins face-off versus Jason Spezza in neutral zone.
0:04 of 1st period - Shot by Alexander Ovechkin.
0:04 of 1st period - Stopped by James Reimer without a rebound.
0:05 of 1st period - Sergey Kalinin wins face-off versus Ryan Callahan in Wild zone.
0:05 of 1st period - David Desharnais is hit by Johnny Oduya and loses puck.
0:51 of 1st period - Ryan Kesler is hit by Josh Gorges and loses puck.
0:55 of 1st period - Alexander Ovechkin is hit by Josh Gorges and loses puck.
1:15 of 1st period - Shot by Alexander Ovechkin.
1:15 of 1st period - Shot Misses the Net.
1:24 of 1st period - Icing by Richard Panik.
1:25 of 1st period - Ryan Callahan wins face-off versus Mathieu Perreault in Wild zone.
1:38 of 1st period - Shot by Mathieu Perreault.
1:38 of 1st period - Shot Misses the Net.
1:40 of 1st period - Shot by Viktor Stalberg.
1:40 of 1st period - Stopped by James Reimer without a rebound.
1:41 of 1st period - Jason Spezza wins face-off versus Andrew Desjardins in Wild zone.
1:41 of 1st period - Jason Spezza is hit by Derek Dorsett.
1:42 of 1st period - Jason Spezza from Wild is injured at 1:42 of 1st period (Bruised Right Leg).
1:43 of 1st period - Andrew Desjardins wins face-off versus Andreas Athanasiou in Wild zone.
2:58 of 1st period - Icing by Brett Ritchie.
2:59 of 1st period - Ryan Kesler wins face-off versus Sven Baertschi in Wild zone.
3:14 of 1st period - Shot by Alexander Ovechkin.
3:14 of 1st period - Shot Misses the Net.
3:52 of 1st period - Shot by Jason Pominville.
3:52 of 1st period - Shot Blocked by Jack Johnson.
4:02 of 1st period - Shot by Ryan Callahan.
4:02 of 1st period - Stopped by Cam Ward without a rebound.
4:03 of 1st period - Johnny Oduya wins face-off versus Sergey Kalinin in Capitals zone.
6:32 of 1st period - Shot by Alexander Ovechkin.
6:32 of 1st period - Shot Hit the Post.
6:34 of 1st period - Shot by Morgan Rielly.
6:34 of 1st period - Shot Misses the Net.
7:12 of 1st period - Shot by Sergey Kalinin.
7:12 of 1st period - Stopped by James Reimer without a rebound.
7:13 of 1st period - Andreas Athanasiou wins face-off versus Mathieu Perreault in Wild zone.
7:13 of 1st period - Andreas Athanasiou is hit by Cody Eakin.
7:52 of 1st period - Minor Penalty to Viktor Stalberg for Holding.
7:53 of 1st period - Cody Eakin wins face-off versus Derick Brassard in Capitals zone.
8:06 of 1st period - Shot by Richard Panik.
8:06 of 1st period - Stopped by Cam Ward without a rebound.
8:07 of 1st period - David Desharnais wins face-off versus Derick Brassard in Capitals zone.
8:20 of 1st period - Shot by Ryan Callahan.
8:20 of 1st period - Deflect By Richard Panik.
8:20 of 1st period - Shot Misses the Net.
8:22 of 1st period - Shot by Luke Schenn.
8:22 of 1st period - Shot Misses the Net.
8:34 of 1st period - Shot by Richard Panik.
8:34 of 1st period - Stopped by Cam Ward without a rebound.
8:35 of 1st period - Andreas Athanasiou wins face-off versus Taylor Hall in Capitals zone.
8:38 of 1st period - Shot by Tanner Pearson.
8:38 of 1st period - Shot Misses the Net.
9:26 of 1st period - Shot by Derick Brassard.
9:26 of 1st period - Shot Misses the Net.
9:28 of 1st period - Shot by Alexander Edler.
9:28 of 1st period - Stopped by Cam Ward without a rebound.
9:29 of 1st period - Taylor Hall wins face-off versus Andreas Athanasiou in Capitals zone.
10:09 of 1st period - Icing by Dmitri Orlov.
10:10 of 1st period - Derick Brassard wins face-off versus Andrew Desjardins in Capitals zone.
10:25 of 1st period - Shot by Richard Panik.
10:25 of 1st period - Stopped by Cam Ward without a rebound.
10:26 of 1st period - Ryan Kesler wins face-off versus Andreas Athanasiou in Capitals zone.
10:28 of 1st period - Icing by Alexander Ovechkin.
10:29 of 1st period - Ryan Kesler wins face-off versus Derick Brassard in Capitals zone.
10:45 of 1st period - Shot by Alexander Ovechkin.
10:45 of 1st period - Shot Blocked by Alexander Edler.
10:52 of 1st period - Minor Penalty to Luke Schenn for Tripping.
10:53 of 1st period - Marian Gaborik wins face-off versus Viktor Stalberg in Wild zone.
10:53 of 1st period - Marian Gaborik is hit by David Desharnais.
11:21 of 1st period - Andreas Athanasiou is hit by Viktor Stalberg and loses puck.
11:58 of 1st period - Shot by Alexander Ovechkin.
11:58 of 1st period - Stopped by James Reimer with a rebound.
12:04 of 1st period - Shot by Taylor Hall.
12:04 of 1st period - Stopped by James Reimer without a rebound.
12:05 of 1st period - Ryan Kesler wins face-off versus Jason Pominville in Wild zone.
12:24 of 1st period - Shot by Ryan McDonagh.
12:24 of 1st period - Stopped by James Reimer without a rebound.
12:25 of 1st period - Marian Gaborik wins face-off versus Viktor Stalberg in Wild zone.
12:43 of 1st period - Shot by Cody Eakin.
12:43 of 1st period - Shot Blocked by Nicklas Grossmann.
12:45 of 1st period - Shot by Viktor Stalberg.
12:45 of 1st period - Stopped by James Reimer without a rebound.
12:46 of 1st period - Jason Pominville wins face-off versus Ryan Kesler in Wild zone.
12:54 of 1st period - Off-side.
12:55 of 1st period - Andrew Desjardins wins face-off versus Jason Pominville in neutral zone.
13:03 of 1st period - Johnny Oduya is hit by Dmitri Orlov and loses puck.
13:06 of 1st period - Shot by Tanner Pearson.
13:06 of 1st period - Deflect By Jason Pominville.
13:06 of 1st period - Stopped by Cam Ward without a rebound.
13:07 of 1st period - Ryan Kesler wins face-off versus Andreas Athanasiou in Capitals zone.
13:21 of 1st period - Tanner Pearson is hit by Alexander Ovechkin and loses puck.
13:30 of 1st period - Shot by Tanner Pearson.
13:30 of 1st period - Stopped by Cam Ward without a rebound.
13:31 of 1st period - Sergey Kalinin wins face-off versus Derick Brassard in Capitals zone.
14:15 of 1st period - Alexander Edler is hit by Jack Johnson and loses puck.
14:44 of 1st period - Shot by Alexander Ovechkin.
14:44 of 1st period - Shot Misses the Net.
14:55 of 1st period - Alexander Ovechkin is hit by Luke Schenn and loses puck.
15:57 of 1st period - Icing by Dmitri Orlov.
15:58 of 1st period - Mathieu Perreault wins face-off versus Andreas Athanasiou in Capitals zone.
15:58 of 1st period - Mathieu Perreault is hit by Marian Gaborik.
16:11 of 1st period - Andreas Athanasiou is hit by Dmitri Orlov.
16:49 of 1st period - Shot by Tanner Pearson.
16:49 of 1st period - Shot Misses the Net.
17:09 of 1st period - Shot by Tanner Pearson.
17:09 of 1st period - Stopped by Cam Ward with a rebound.
18:17 of 1st period - Shot by Taylor Hall.
18:17 of 1st period - Shot Misses the Net.
18:25 of 1st period - Shot by Taylor Hall.
18:25 of 1st period - Stopped by James Reimer without a rebound.
18:26 of 1st period - Andreas Athanasiou wins face-off versus Andrew Desjardins in Wild zone.
18:26 of 1st period - Andreas Athanasiou is hit by Derek Dorsett.
18:35 of 1st period - Andreas Athanasiou is hit by Calvin de Haan and loses puck.
19:11 of 1st period - Icing by Morgan Rielly.
19:12 of 1st period - Derick Brassard wins face-off versus Taylor Hall in Capitals zone.
19:36 of 1st period - Icing by Morgan Rielly.
19:37 of 1st period - Ryan Kesler wins face-off versus Ryan Callahan in Capitals zone.
19:42 of 1st period - Shot by Alexander Ovechkin.
19:42 of 1st period - Shot Blocked by Alex Biega.
Goals for this period are 0 for Capitals vs 0 for Wild.
Shots for this period are 8 for Capitals vs 8 for Wild.

2nd period


0:01 of 2nd period - Sergey Kalinin wins face-off versus Andreas Athanasiou in neutral zone.
0:34 of 2nd period - Shot by Andreas Athanasiou.
0:34 of 2nd period - Shot Misses the Net.
1:25 of 2nd period - Shot by Derick Brassard.
1:25 of 2nd period - Shot Misses the Net.
1:27 of 2nd period - Shot by Johnny Oduya.
1:27 of 2nd period - Stopped by Cam Ward without a rebound.
1:28 of 2nd period - Ryan Kesler wins face-off versus Sven Baertschi in Capitals zone.
1:34 of 2nd period - Off-side.
1:35 of 2nd period - Ryan Kesler wins face-off versus Sven Baertschi in neutral zone.
1:54 of 2nd period - Shot by Sven Baertschi.
1:54 of 2nd period - Shot Misses the Net.
1:56 of 2nd period - Shot by Brett Ritchie.
1:56 of 2nd period - Stopped by Cam Ward without a rebound.
1:57 of 2nd period - Mathieu Perreault wins face-off versus Andreas Athanasiou in Capitals zone.
1:57 of 2nd period - Dmitri Orlov is hit by Tanner Pearson and loses puck.
2:01 of 2nd period - Minor Penalty to Tanner Pearson for Slashing.
2:02 of 2nd period - Ryan Kesler wins face-off versus Marian Gaborik in Wild zone.
2:14 of 2nd period - Icing by Alexander Ovechkin.
2:15 of 2nd period - Ryan Kesler wins face-off versus Marian Gaborik in Capitals zone.
2:35 of 2nd period - Marian Gaborik is hit by Mike Green.
2:52 of 2nd period - Mike Green is hit by Marian Gaborik and loses puck.
3:00 of 2nd period - Icing by Ryan Kesler.
3:01 of 2nd period - Ryan Kesler wins face-off versus Jason Pominville in Capitals zone.
4:53 of 2nd period - Off-side.
4:54 of 2nd period - Andreas Athanasiou wins face-off versus Viktor Stalberg in neutral zone.
5:29 of 2nd period - Minor Penalty to Ryan Callahan for Goalie Interference.
5:30 of 2nd period - Ryan Kesler wins face-off versus Marian Gaborik in Wild zone.
5:41 of 2nd period - Shot by Ryan Kesler.
5:41 of 2nd period - Stopped by James Reimer without a rebound.
5:42 of 2nd period - Marian Gaborik wins face-off versus Taylor Hall in Wild zone.
6:03 of 2nd period - Shot by Taylor Hall.
6:03 of 2nd period - Shot Misses the Net.
6:09 of 2nd period - Shot by Alexander Ovechkin.
6:09 of 2nd period - Shot Blocked by Marian Gaborik.
6:11 of 2nd period - Shot by Calvin de Haan.
6:11 of 2nd period - Shot Blocked by Alexander Edler.
6:31 of 2nd period - Icing by David Desharnais.
6:32 of 2nd period - Jason Pominville wins face-off versus Viktor Stalberg in Capitals zone.
6:51 of 2nd period - Shot by Tanner Pearson.
6:51 of 2nd period - Shot Misses the Net.
7:14 of 2nd period - Shot by Alexander Ovechkin.
7:14 of 2nd period - Stopped by James Reimer without a rebound.
7:15 of 2nd period - Ryan Kesler wins face-off versus Andreas Athanasiou in Wild zone.
7:26 of 2nd period - Ryan Kesler is hit by Luke Schenn and loses puck.
7:31 of 2nd period - Shot by Morgan Rielly.
7:31 of 2nd period - Stopped by James Reimer without a rebound.
7:32 of 2nd period - Andrew Desjardins wins face-off versus Andreas Athanasiou in Wild zone.
8:25 of 2nd period - Luke Schenn is hit by Alexander Ovechkin and loses puck.
8:30 of 2nd period - Shot by Alexander Ovechkin.
8:30 of 2nd period - Goal by Alexander Ovechkin - Capitals : 1 - Wild : 0.
8:31 of 2nd period - Andreas Athanasiou wins face-off versus Sergey Kalinin in neutral zone.
9:17 of 2nd period - Shot by Tanner Pearson.
9:17 of 2nd period - Stopped by Cam Ward with a rebound.
10:26 of 2nd period - Shot by Alexander Ovechkin.
10:26 of 2nd period - Shot Misses the Net.
10:39 of 2nd period - Shot by Ryan Kesler.
10:39 of 2nd period - Shot Misses the Net.
11:03 of 2nd period - Shot by Mathieu Perreault.
11:03 of 2nd period - Deflect By Viktor Stalberg.
11:03 of 2nd period - Shot Blocked by Tanner Pearson.
11:26 of 2nd period - Dmitri Orlov is hit by Johnny Oduya and loses puck.
11:47 of 2nd period - Shot by Mike Blunden.
11:47 of 2nd period - Deflect By Derek Dorsett.
11:47 of 2nd period - Shot Misses the Net.
11:57 of 2nd period - Shot by Derek Dorsett.
11:57 of 2nd period - Shot Misses the Net.
12:51 of 2nd period - Shot by Richard Panik.
12:51 of 2nd period - Stopped by Cam Ward without a rebound.
12:52 of 2nd period - Andrew Desjardins wins face-off versus Andreas Athanasiou in Capitals zone.
13:05 of 2nd period - Shot by Mike Blunden.
13:05 of 2nd period - Shot Misses the Net.
13:36 of 2nd period - Icing by Derick Brassard.
13:37 of 2nd period - Mathieu Perreault wins face-off versus Andreas Athanasiou in Wild zone.
13:56 of 2nd period - Shot by Ryan McDonagh.
13:56 of 2nd period - Stopped by James Reimer without a rebound.
13:57 of 2nd period - Ryan Kesler wins face-off versus Marian Gaborik in Wild zone.
14:20 of 2nd period - Shot by Ryan Kesler.
14:20 of 2nd period - Stopped by James Reimer without a rebound.
14:21 of 2nd period - Sergey Kalinin wins face-off versus Marian Gaborik in Wild zone.
14:46 of 2nd period - Shot by Marian Gaborik.
14:46 of 2nd period - Shot Misses the Net.
15:10 of 2nd period - Icing by Calvin de Haan.
15:11 of 2nd period - Derick Brassard wins face-off versus Ryan Kesler in Capitals zone.
15:30 of 2nd period - Shot by Richard Panik.
15:30 of 2nd period - Shot Misses the Net.
15:32 of 2nd period - Shot by Richard Panik.
15:32 of 2nd period - Shot Blocked by Calvin de Haan.
16:39 of 2nd period - Alexander Edler is hit by Sergey Kalinin and loses puck.
17:21 of 2nd period - Jason Pominville is hit by Mike Green.
17:25 of 2nd period - Shot by Tanner Pearson.
17:25 of 2nd period - Stopped by Cam Ward with a rebound.
17:31 of 2nd period - Shot by Jason Pominville.
17:31 of 2nd period - Shot Misses the Net.
17:53 of 2nd period - Icing by Ryan Callahan.
17:54 of 2nd period - Ryan Kesler wins face-off versus Alexander Edler in Wild zone.
18:06 of 2nd period - Off-side.
18:07 of 2nd period - Andreas Athanasiou wins face-off versus Mathieu Perreault in neutral zone.
18:12 of 2nd period - Shot by Marco Scandella.
18:12 of 2nd period - Shot Misses the Net.
18:22 of 2nd period - Shot by Tanner Pearson.
18:22 of 2nd period - Stopped by Cam Ward without a rebound.
18:23 of 2nd period - Derick Brassard wins face-off versus Ryan Kesler in Capitals zone.
18:23 of 2nd period - Derick Brassard is hit by Jack Johnson.
18:36 of 2nd period - Ryan Callahan is hit by Ryan McDonagh and loses puck.
19:12 of 2nd period - Shot by Sven Baertschi.
19:12 of 2nd period - Shot Blocked by Ryan McDonagh.
19:43 of 2nd period - Off-side.
19:44 of 2nd period - Mathieu Perreault wins face-off versus Derick Brassard in neutral zone.
19:47 of 2nd period - Alexander Edler is hit by Viktor Stalberg and loses puck.
Goals for this period are 1 for Capitals vs 0 for Wild.
Shots for this period are 6 for Capitals vs 6 for Wild.

3rd period


0:01 of 3rd period - Andreas Athanasiou wins face-off versus Ryan Kesler in neutral zone.
0:28 of 3rd period - Shot by Ryan Kesler.
0:28 of 3rd period - Shot Misses the Net.
0:30 of 3rd period - Shot by Jack Johnson.
0:30 of 3rd period - Shot Blocked by Luke Schenn.
0:32 of 3rd period - Shot by Ryan McDonagh.
0:32 of 3rd period - Stopped by James Reimer with a rebound.
0:34 of 3rd period - Shot by Ryan McDonagh.
0:34 of 3rd period - Stopped by James Reimer with a rebound.
0:36 of 3rd period - Shot by Jack Johnson.
0:36 of 3rd period - Goal by Jack Johnson - Capitals : 2 - Wild : 0.
0:37 of 3rd period - Sergey Kalinin wins face-off versus Derick Brassard in neutral zone.
0:55 of 3rd period - Shot by Ryan Callahan.
0:55 of 3rd period - Shot Misses the Net.
0:57 of 3rd period - Shot by Derick Brassard.
0:57 of 3rd period - Deflect By Richard Panik.
0:57 of 3rd period - Shot Misses the Net.
1:40 of 3rd period - Morgan Rielly is hit by Andreas Athanasiou and loses puck.
3:53 of 3rd period - Shot by Cody Eakin.
3:53 of 3rd period - Shot Misses the Net.
3:55 of 3rd period - Shot by Dmitri Orlov.
3:55 of 3rd period - Stopped by James Reimer without a rebound.
3:56 of 3rd period - Sergey Kalinin wins face-off versus Alexander Edler in Wild zone.
3:57 of 3rd period - Shot by David Desharnais.
3:57 of 3rd period - Deflect By Sergey Kalinin.
3:57 of 3rd period - Stopped by James Reimer with a rebound.
3:59 of 3rd period - Shot by Jack Johnson.
3:59 of 3rd period - Stopped by James Reimer without a rebound.
4:00 of 3rd period - Sven Baertschi wins face-off versus Lukas Sedlak in Wild zone.
5:36 of 3rd period - Minor Penalty to Mike Green for Roughing.
5:37 of 3rd period - Derick Brassard wins face-off versus Andrew Desjardins in Capitals zone.
5:40 of 3rd period - Shot by Ryan Callahan.
5:40 of 3rd period - Shot Misses the Net.
5:42 of 3rd period - Shot by Alexander Edler.
5:42 of 3rd period - Stopped by Cam Ward without a rebound.
5:43 of 3rd period - Taylor Hall wins face-off versus Derick Brassard in Capitals zone.
6:03 of 3rd period - Cody Eakin is hit by Richard Panik and loses puck.
6:37 of 3rd period - Ryan McDonagh is hit by Derick Brassard and loses puck.
6:48 of 3rd period - Tanner Pearson is hit by Alexander Ovechkin and loses puck.
7:13 of 3rd period - Icing by Tanner Pearson.
7:14 of 3rd period - Andrew Desjardins wins face-off versus Sven Baertschi in Wild zone.
8:44 of 3rd period - Calvin de Haan is hit by Brett Ritchie and loses puck.
9:15 of 3rd period - Shot by Lukas Sedlak.
9:15 of 3rd period - Goal by Lukas Sedlak - Capitals : 3 - Wild : 0.
9:16 of 3rd period - Andreas Athanasiou wins face-off versus Cody Eakin in neutral zone.
9:23 of 3rd period - Josh Gorges is hit by Viktor Stalberg and loses puck.
9:59 of 3rd period - Icing by Jack Johnson.
10:00 of 3rd period - Derick Brassard wins face-off versus Mathieu Perreault in Capitals zone.
10:13 of 3rd period - Shot by Derick Brassard.
10:13 of 3rd period - Stopped by Cam Ward without a rebound.
10:14 of 3rd period - Tanner Pearson wins face-off versus Sergey Kalinin in Capitals zone.
10:49 of 3rd period - Icing by Marco Scandella.
10:50 of 3rd period - Ryan Kesler wins face-off versus Derick Brassard in Wild zone.
10:51 of 3rd period - Shot by Alexander Ovechkin.
10:51 of 3rd period - Shot Misses the Net.
10:53 of 3rd period - Shot by Mike Green.
10:53 of 3rd period - Shot Misses the Net.
11:03 of 3rd period - Shot by Ryan Kesler.
11:03 of 3rd period - Shot Misses the Net.
11:05 of 3rd period - Shot by Ryan Kesler.
11:05 of 3rd period - Stopped by James Reimer with a rebound.
11:12 of 3rd period - Off-side.
11:13 of 3rd period - Andreas Athanasiou wins face-off versus Andrew Desjardins in neutral zone.
11:18 of 3rd period - Icing by Ryan McDonagh.
11:19 of 3rd period - Andreas Athanasiou wins face-off versus Andrew Desjardins in Capitals zone.
11:26 of 3rd period - Shot by Sven Baertschi.
11:26 of 3rd period - Shot Misses the Net.
11:28 of 3rd period - Shot by Alexander Edler.
11:28 of 3rd period - Stopped by Cam Ward with a rebound.
12:09 of 3rd period - Shot by Richard Panik.
12:09 of 3rd period - Shot Misses the Net.
12:11 of 3rd period - Shot by Ryan Callahan.
12:11 of 3rd period - Shot Blocked by Ryan McDonagh.
14:25 of 3rd period - Shot by Viktor Stalberg.
14:25 of 3rd period - Deflect By Mathieu Perreault.
14:25 of 3rd period - Shot Misses the Net.
14:27 of 3rd period - Shot by Mathieu Perreault.
14:27 of 3rd period - Stopped by James Reimer without a rebound.
14:28 of 3rd period - Derick Brassard wins face-off versus Mathieu Perreault in Wild zone.
14:28 of 3rd period - Derick Brassard is hit by Viktor Stalberg.
14:52 of 3rd period - Shot by Ryan Callahan.
14:52 of 3rd period - Stopped by Cam Ward without a rebound.
14:53 of 3rd period - Ryan Kesler wins face-off versus Sven Baertschi in Capitals zone.
15:05 of 3rd period - Icing by Alexander Edler.
15:06 of 3rd period - Sergey Kalinin wins face-off versus Sven Baertschi in Wild zone.
15:21 of 3rd period - Ryan McDonagh is hit by Brett Ritchie and loses puck.
15:39 of 3rd period - Off-side.
15:40 of 3rd period - Ryan Kesler wins face-off versus Andreas Athanasiou in neutral zone.
16:23 of 3rd period - Alexander Ovechkin is hit by Tanner Pearson and loses puck.
17:25 of 3rd period - Shot by Brett Ritchie.
17:25 of 3rd period - Stopped by Cam Ward without a rebound.
17:26 of 3rd period - Brett Ritchie wins face-off versus Sergey Kalinin in Capitals zone.
17:26 of 3rd period - Brett Ritchie is hit by Jack Johnson.
17:45 of 3rd period - Shot by Lukas Sedlak.
17:45 of 3rd period - Shot Misses the Net.
17:47 of 3rd period - Shot by David Desharnais.
17:47 of 3rd period - Stopped by James Reimer without a rebound.
17:48 of 3rd period - Andreas Athanasiou wins face-off versus Andrew Desjardins in Wild zone.
17:54 of 3rd period - Tanner Pearson is hit by Derek Dorsett and loses puck.
17:59 of 3rd period - Shot by Ryan McDonagh.
17:59 of 3rd period - Shot Misses the Net.
18:01 of 3rd period - Shot by Ryan McDonagh.
18:01 of 3rd period - Goal by Ryan McDonagh - Capitals : 4 - Wild : 0.
18:02 of 3rd period - Mathieu Perreault wins face-off versus Derick Brassard in neutral zone.
18:02 of 3rd period - Viktor Stalberg is hit by Richard Panik and loses puck.
18:10 of 3rd period - Richard Panik is hit by Calvin de Haan.
18:12 of 3rd period - Shot by Derick Brassard.
18:12 of 3rd period - Shot Misses the Net.
18:33 of 3rd period - Minor Penalty to Calvin de Haan for Hooking.
18:34 of 3rd period - Andreas Athanasiou wins face-off versus David Desharnais in Capitals zone.
18:53 of 3rd period - Icing by Tanner Pearson.
18:54 of 3rd period - David Desharnais wins face-off versus Andreas Athanasiou in Wild zone.
19:01 of 3rd period - Shot by Andreas Athanasiou.
19:01 of 3rd period - Shot Misses the Net.
19:05 of 3rd period - Shot by Tanner Pearson.
19:05 of 3rd period - Stopped by Cam Ward with a rebound.
19:07 of 3rd period - Shot by Alexander Edler.
19:07 of 3rd period - Shot Misses the Net.
19:09 of 3rd period - Shot by Tanner Pearson.
19:09 of 3rd period - Shot Hit the Post.
19:11 of 3rd period - Shot by Jason Pominville.
19:11 of 3rd period - Stopped by Cam Ward without a rebound.
19:12 of 3rd period - Taylor Hall wins face-off versus Derick Brassard in Capitals zone.
19:21 of 3rd period - Shot by David Desharnais.
19:21 of 3rd period - Shot Misses the Net.
Goals for this period are 3 for Capitals vs 0 for Wild.
Shots for this period are 11 for Capitals vs 7 for Wild.